[Event "December 5 Early 2023"]
[Site "https://www.chess.com"]
[Date "2023.12.05"]
[Round "7"]
[White "Baches Garcia, Guillermo"]
[Black "Shyam, Sundar M."]
[Result "0-1"]
[Board "73"]
[TimeControl "180+1"]
[WhiteFideId "2209764"]
[BlackFideId "5019141"]
[WhiteElo "2530"]
[BlackElo "2665"]
[WhiteTeam "ESP"]
[BlackTeam "IND"]
[WhiteClock "0:00:10"]
[BlackClock "0:00:36"]

1. d4 e6 2. Nf3 f5 3. Bf4 Nf6 4. e3 d6 5. h3 g6 6. Bc4 Bg7 7. c3 O-O 8. Qb3 Qe7 9. a4 Nc6 10. a5 Kh8 11. a6 Rb8 12. axb7 Bxb7 13. Qa4 e5 14. Bg5 h6 15. Bxf6 Bxf6 16. d5 Nd8 17. Nbd2 Nf7 18. O-O Ra8 19. Qb3 Bc8 20. Ra5 e4 21. Nd4 Ne5 22. Nc6 Nxc6 23. dxc6 Be5 24. Qa3 f4 25. Nxe4 fxe3 26. fxe3 Bh2+ 27. Kxh2 Rxf1 28. Bxf1 Qxe4 29. Rxa7 Rb8 30. Rxc7 Qe5+ 31. Kh1 Be6 32. Qa7 Rf8 33. Bd3 Kg8 34. Bxg6 Rf1# 0-1

[Event "December 5 Early 2023"]
[Site "https://www.chess.com"]
[Date "2023.12.05"]
[Round "7"]
[White "Souleidis, Georgios"]
[Black "Devaev, Alexander"]
[Result "1-0"]
[Board "74"]
[TimeControl "180+1"]
[WhiteFideId "4206827"]
[BlackFideId "4169395"]
[WhiteElo "2660"]
[BlackElo "2521"]
[WhiteTeam "GRE"]
[BlackTeam "RUS"]
[WhiteClock "0:00:02"]
[BlackClock "0:00:07"]

1. e4 c6 2. Nc3 d5 3. Nf3 Nf6 4. e5 Ne4 5. Ne2 e6 6. d3 Nc5 7. d4 Ncd7 8. Ng3 c5 9. c3 Nc6 10. Bd3 Qb6 11. Bb1 cxd4 12. cxd4 Bb4+ 13. Kf1 Be7 14. h4 Nf8 15. h5 Bd7 16. Kg1 f6 17. b3 fxe5 18. dxe5 Bc5 19. Qe2 Ne7 20. Bd3 O-O-O 21. Bd2 Kb8 22. b4 Bd4 23. Nxd4 Qxd4 24. Rc1 Nf5 25. Nxf5 exf5 26. Be3 Qg4 27. f3 Qxb4 28. Rb1 Qa4 29. Qf2 Ne6 30. Bxf5 d4 31. Bc1 Rhf8 32. Be4 Nc5 33. Bd5 Bc6 34. Bxc6 Qxc6 35. Rh4 d3 36. Qd2 Qd5 37. Rhb4 Qxe5 38. Bb2 Qd5 39. Bxg7 Rg8 40. Bd4 b6 41. Bxc5 Qxc5+ 42. Qf2 Qxh5 43. Rxb6+ Ka8 44. Rb7 Qd5 45. Qxa7# 1-0

[Event "December 5 Early 2023"]
[Site "https://www.chess.com"]
[Date "2023.12.05"]
[Round "7"]
[White "Ovetchkin, Roman"]
[Black "Estrada Nieto, Julian"]
[Result "0-1"]
[Board "75"]
[TimeControl "180+1"]
[WhiteFideId "4119991"]
[BlackFideId "5101018"]
[WhiteElo "2651"]
[BlackElo "2521"]
[WhiteTeam "RUS"]
[BlackTeam "ESP"]
[WhiteClock "0:00:01"]
[BlackClock "0:00:07"]

1. d4 d5 2. c4 dxc4 3. e3 Nf6 4. Bxc4 e6 5. Nf3 c5 6. O-O a6 7. dxc5 Bxc5 8. Qxd8+ Kxd8 9. Nbd2 Ke7 10. Be2 b5 11. a4 bxa4 12. Ne5 Bb7 13. Nd3 Nbd7 14. Rxa4 Rhc8 15. Nxc5 Nxc5 16. Ra5 Nfe4 17. f3 Nxd2 18. Bxd2 Ke8 19. Bc3 f6 20. e4 e5 21. Rd1 Rc6 22. Kf2 Rd8 23. Rxd8+ Kxd8 24. Ke3 Ne6 25. g3 Kc7 26. f4 Kb6 27. Ra4 exf4+ 28. gxf4 Nc5 29. Bd4 Kc7 30. Ra3 Ne6 31. Bc3 Nc5 32. e5 Nd7 33. Ra5 fxe5 34. fxe5 Kb6 35. Ra4 Kc7 36. h4 Nc5 37. Rc4 Ne6 38. Rxc6+ Kxc6 39. h5 Bc8 40. Bd3 h6 41. Be4+ Kd7 42. Bf5 Ke7 43. Bd3 Nc5 44. Be2 Ne6 45. Ke4 Nc5+ 46. Kd5 Ne6 47. Bb4+ Kd7 48. Ke4 Bb7+ 49. Ke3 Bc8 50. Bd6 Nd8 51. Ke4 Ne6 52. Kf5 Ke8 53. Kg6 Nf4+ 54. Kxg7 Nxe2 55. Kxh6 Be6 56. Kg7 Nf4 57. h6 Bf5 58. h7 Bxh7 59. Kxh7 Kf7 60. Kh6 Ke6 61. Kg5 Nd3 62. b3 Nxe5 63. Bxe5 Kxe5 64. Kg4 Kd4 65. Kf4 Kc3 0-1

[Event "December 5 Early 2023"]
[Site "https://www.chess.com"]
[Date "2023.12.05"]
[Round "7"]
[White "Banzea, Alexandru-Bogdan"]
[Black "Tan, Jonathan"]
[Result "1-0"]
[Board "76"]
[TimeControl "180+1"]
[WhiteFideId "1232622"]
[BlackFideId "5200482"]
[WhiteElo "2650"]
[BlackElo "2518"]
[WhiteTeam "ROU"]
[BlackTeam "PHI"]
[WhiteClock "0:00:06"]
[BlackClock "0:00:00"]

1. d4 Nf6 2. Nc3 d5 3. Bf4 a6 4. e3 c5 5. dxc5 Nc6 6. a3 e5 7. Bg5 Be6 8. b4 h6 9. Bxf6 Qxf6 10. Nxd5 Bxd5 11. Qxd5 e4 12. Qxe4+ Be7 13. Ra2 Qc3+ 14. Kd1 O-O-O+ 15. Bd3 Rxd3+ 16. cxd3 Qb3+ 17. Rc2 Rd8 18. d4 Qb1+ 19. Kd2 Bf6 20. Qg4+ Kb8 21. Qd1 Qb3 22. Rc3 Qe6 23. Nf3 g5 24. Qb3 Qe7 25. Kc1 g4 26. Nd2 Bxd4 27. exd4 Nxd4 28. Qc4 Ne2+ 29. Kc2 Nxc3 30. Qxc3 Qe2 31. Qe3 Qb5 32. Rd1 Ka8 33. Qe4 1-0

[Event "December 5 Early 2023"]
[Site "https://www.chess.com"]
[Date "2023.12.05"]
[Round "7"]
[White "Krzywda, Andrzej"]
[Black "Belov, Alexei"]
[Result "1-0"]
[Board "77"]
[TimeControl "180+1"]
[WhiteFideId "1114565"]
[BlackFideId "4128206"]
[WhiteElo "2510"]
[BlackElo "2645"]
[WhiteTeam "POL"]
[BlackTeam "RUS"]
[WhiteClock "0:00:07"]
[BlackClock "0:00:15"]

1. e4 e6 2. d4 d5 3. Nc3 Nf6 4. e5 Ne4 5. Nxe4 dxe4 6. Bc4 a6 7. c3 b5 8. Bb3 Bb7 9. Ne2 c5 10. O-O Nc6 11. Be3 Qh4 12. Ng3 Rd8 13. Qe2 cxd4 14. cxd4 Nxd4 15. Bxd4 Rxd4 16. Rfd1 Bc5 17. Rac1 Qe7 18. Rxd4 Bxd4 19. Nxe4 Bxe5 20. Nc5 Bf4 21. Rc2 O-O 22. Qg4 Bd6 23. Nxb7 Qxb7 24. h4 Rc8 25. h5 g6 26. hxg6 hxg6 27. Rxc8+ Qxc8 28. g3 Qc1+ 29. Kg2 Qxb2 30. Bxe6 Qf6 31. Bb3 Bc5 32. Qc8+ Kg7 33. Qxc5 Kh7 34. Qd5 Kg7 35. f3 Qb2+ 36. Kh3 Qf6 37. g4 Qf4 38. Kg2 Qf6 39. Kg3 g5 40. Qf5 Qxf5 41. gxf5 Kf6 42. Kg4 a5 43. Bc2 a4 44. a3 Ke5 45. Bd3 b4 46. axb4 a3 47. Bc4 f6 48. b5 Kd4 49. Be6 Kc5 50. f4 gxf4 51. Kxf4 Kxb5 52. Kg4 Kc5 53. Kh5 Kd4 54. Kg6 Ke5 55. Ba2 Kd4 56. Kxf6 Kc3 57. Ke7 Kb2 58. Be6 a2 59. Bxa2 1-0

[Event "December 5 Early 2023"]
[Site "https://www.chess.com"]
[Date "2023.12.05"]
[Round "7"]
[White "Moksh Amit Doshi"]
[Black "Kruckenhauser, Arthur"]
[Result "1-0"]
[Board "78"]
[TimeControl "180+1"]
[WhiteFideId "25064967"]
[BlackFideId "1642812"]
[WhiteElo "2641"]
[BlackElo "2507"]
[WhiteTeam "IND"]
[BlackTeam "AUT"]
[WhiteClock "0:00:18"]
[BlackClock "0:00:00"]

1. d4 Nf6 2. c4 c5 3. d5 b5 4. cxb5 a6 5. e3 Bb7 6. Nc3 Qa5 7. Bd2 axb5 8. Bxb5 Qb6 9. Bc4 e6 10. e4 Nxe4 11. dxe6 fxe6 12. Nxe4 Bxe4 13. Qh5+ Bg6 14. Qf3 Nc6 15. Ne2 Be7 16. O-O Rf8 17. Qg3 Qxb2 18. Bc3 Qa3 19. Nf4 Bd6 20. Bd2 Bxf4 21. Bxf4 Qxg3 22. fxg3 d5 23. Bb5 Kd7 24. a4 Be4 25. Rfe1 h6 26. Rad1 Bf5 27. h3 g5 28. Be3 Kd6 29. g4 Bg6 30. Bf2 Bf7 31. Rd2 d4 32. Bg3+ e5 33. Bxc6 Kxc6 34. Bxe5 Rxa4 35. Rf2 Raa8 36. Bg7 Rfe8 37. Rf6+ Kd5 38. Ref1 Bg8 39. Bxh6 Ra2 40. Bxg5 Kc4 41. Rc6 Rxg2+ 42. Kxg2 Bd5+ 43. Kg3 Bxc6 44. h4 Kd5 45. h5 c4 46. h6 c3 47. h7 Kc4 48. Rf7 Be4 49. Bf6 Bxh7 50. Rxh7 d3 51. Rc7+ Kb4 52. Bxc3+ Kb3 53. g5 Re3+ 54. Kg4 Re2 55. g6 Rc2 56. g7 Ka3 57. g8=Q Rg2+ 58. Kf4 Rxg8 59. Ke3 Rf8 60. Kxd3 Rf3+ 61. Kc4 Rf4+ 62. Bd4 Ka2 63. Ra7+ Kb1 64. Kc3 Rf3+ 65. Kb4 Kc2 66. Kc4 Rh3 67. Ra2+ Kb1 68. Rg2 Rh8 69. Bxh8 1-0

[Event "December 5 Early 2023"]
[Site "https://www.chess.com"]
[Date "2023.12.05"]
[Round "7"]
[White "Reprintsev, Alexander"]
[Black "Gontcharov, Vladislav"]
[Result "0-1"]
[Board "79"]
[TimeControl "180+1"]
[WhiteFideId "14100541"]
[BlackFideId "4123492"]
[WhiteElo "2492"]
[BlackElo "2639"]
[WhiteTeam "UKR"]
[BlackTeam "RUS"]
[WhiteClock "0:00:00"]
[BlackClock "0:00:26"]

1. e4 e6 2. d4 d5 3. Nc3 Nc6 4. Nf3 Nf6 5. e5 Ne4 6. Bd3 Bb4 7. Bd2 Nxd2 8. Qxd2 h6 9. a3 Be7 10. h4 a6 11. Ne2 b5 12. h5 Nb8 13. b4 Nd7 14. c3 Nb6 15. Rh3 Bb7 16. Rg3 Bf8 17. Nc1 Nc4 18. Bxc4 dxc4 19. a4 a5 20. axb5 axb4 21. Rxa8 Qxa8 22. cxb4 Qa4 23. Kf1 Bxb4 24. Qe2 Bd5 25. Ne1 O-O 26. Qe3 Kh8 27. Ne2 Qxb5 28. Nc3 Bxc3 29. Qxc3 Qb1 30. Qc2 Rb8 31. Rc3 Qa1 32. f3 Rb2 33. Qc1 Rb1 34. Qd2 Rd1 35. Qe3 Qa7 36. Kf2 Rxd4 37. Kg3 c5 38. Nc2 Qb6 39. Qc1 Rd3 40. Ne3 Rxc3 41. Qxc3 Qb3 42. Nd1 Qxd1 0-1

[Event "December 5 Early 2023"]
[Site "https://www.chess.com"]
[Date "2023.12.05"]
[Round "7"]
[White "Goldin, Roman"]
[Black "Zhurbinsky, David"]
[Result "0-1"]
[Board "80"]
[TimeControl "180+1"]
[WhiteFideId "2803860"]
[BlackFideId "2072904"]
[WhiteElo "2441"]
[BlackElo "2615"]
[WhiteTeam "ISR"]
[BlackTeam "USA"]
[WhiteClock "0:00:00"]
[BlackClock "0:01:27"]

1. Nf3 Nf6 2. e3 e6 3. a3 b6 4. b4 Bb7 5. Bb2 Be7 6. c4 d6 7. Be2 Nbd7 8. O-O h6 9. d3 g5 10. Nc3 Rg8 11. d4 g4 12. Nd2 h5 13. e4 h4 14. Qc2 g3 15. fxg3 hxg3 16. h3 Nh7 17. e5 Ng5 18. h4 dxe5 19. hxg5 Bxg5 20. Qh7 Be3+ 21. Kh1 Qg5 22. Nde4 Qg6 23. Qh4 Bxe4 24. Nxe4 Qxe4 25. Qh3 O-O-O 26. Rxf7 Rh8 27. Bh5 exd4 28. Raf1 Qe5 0-1

[Event "December 5 Early 2023"]
[Site "https://www.chess.com"]
[Date "2023.12.05"]
[Round "7"]
[White "Guliev, Logman"]
[Black "Ljukin, Sergei"]
[Result "0-1"]
[Board "81"]
[TimeControl "180+1"]
[WhiteFideId "13400061"]
[BlackFideId "14102200"]
[WhiteElo "2609"]
[BlackElo "2483"]
[WhiteTeam "AZE"]
[BlackTeam "UKR"]
[WhiteClock "0:00:03"]
[BlackClock "0:00:02"]

1. e4 e6 2. d4 d5 3. Nd2 Nf6 4. e5 Nfd7 5. Bd3 c5 6. c3 Nc6 7. Ne2 cxd4 8. cxd4 f6 9. exf6 Qxf6 10. Nf3 h6 11. O-O Bd6 12. Ng3 O-O 13. Be3 Rd8 14. Rc1 Nf8 15. a3 Bd7 16. b4 a6 17. Qd2 Be8 18. Rfe1 Rac8 19. Qb2 e5 20. dxe5 Nxe5 21. Nxe5 Bxe5 22. Qa2 Bf7 23. Bc5 b6 24. Bxf8 Rxf8 25. Bxa6 Rxc1 26. Rxc1 Bd4 27. Rf1 h5 28. Ne2 Be5 29. Qd2 h4 30. f4 Bb2 31. a4 h3 32. g3 Re8 33. Rd1 Ba3 34. Nd4 Re4 35. Bf1 Qd6 36. Bxh3 Bxb4 37. Qd3 Bh5 38. Nf5 Qc5+ 39. Kh1 Bxd1 40. Qxd1 Re1+ 41. Qxe1 Bxe1 42. Kg2 Qf2+ 43. Kh1 d4 44. Ne7+ Kf7 45. Nc6 Bc3 46. Ne5+ Ke8 47. Bd7+ Kd8 48. Bc6 Qf1# 0-1

[Event "December 5 Early 2023"]
[Site "https://www.chess.com"]
[Date "2023.12.05"]
[Round "7"]
[White "Tymrakiewicz, Rafal"]
[Black "Navarrete Mendez, Gonzalo Alberto"]
[Result "1/2-1/2"]
[Board "82"]
[TimeControl "180+1"]
[WhiteFideId "1108832"]
[BlackFideId "5106850"]
[WhiteElo "2416"]
[BlackElo "2603"]
[WhiteTeam "POL"]
[BlackTeam "MEX"]
[WhiteClock "0:01:10"]
[BlackClock "0:02:02"]

1. e4 e5 2. Nf3 Nc6 3. Bb5 a6 4. Bxc6 dxc6 5. Nc3 f6 6. d4 exd4 7. Qxd4 Qxd4 8. Nxd4 Bd7 9. h4 O-O-O 10. Be3 Ne7 11. h5 h6 12. f3 f5 13. e5 c5 14. Nde2 Nc6 15. f4 Nb4 16. Rc1 Bc6 17. Kf2 Be7 18. a3 Nd5 19. Nxd5 Bxd5 20. Nc3 Bc6 1/2-1/2

[Event "December 5 Early 2023"]
[Site "https://www.chess.com"]
[Date "2023.12.05"]
[Round "7"]
[White "Buchenau, Frank"]
[Black "Dyachuk, Artem"]
[Result "0-1"]
[Board "83"]
[TimeControl "180+1"]
[WhiteFideId "4604350"]
[BlackFideId "34107924"]
[WhiteElo "2394"]
[BlackElo "2587"]
[WhiteTeam "GER"]
[BlackTeam "UKR"]
[WhiteClock "0:00:12"]
[BlackClock "0:01:17"]

1. e4 e5 2. Bc4 Nf6 3. d3 c6 4. Nf3 d5 5. Bb3 Bd6 6. exd5 cxd5 7. Bg5 Be6 8. Nc3 Nbd7 9. Bxd5 Bxd5 10. Nxd5 Qa5+ 11. Nc3 O-O 12. O-O h6 13. Bxf6 Nxf6 14. Ne4 Be7 15. Qd2 Qb6 16. Nxe5 Nxe4 17. dxe4 Qxb2 18. Nd3 Qd4 19. Rab1 b6 20. e5 Rac8 21. Rfe1 Qc4 22. Qe3 Qxc2 23. e6 Qxa2 24. exf7+ Rxf7 25. Ra1 Qd5 26. Ne5 Bc5 27. Qh3 Bxf2+ 28. Kh1 Bxe1 29. Qxc8+ Rf8 0-1

[Event "December 5 Early 2023"]
[Site "https://www.chess.com"]
[Date "2023.12.05"]
[Round "7"]
[White "Molina, Roberto Junio Brito"]
[Black "Kopczynski, Michal"]
[Result "1-0"]
[Board "84"]
[TimeControl "180+1"]
[WhiteFideId "2109450"]
[BlackFideId "1124200"]
[WhiteElo "2799"]
[BlackElo "2496"]
[WhiteTeam "BRA"]
[BlackTeam "POL"]
[WhiteClock "0:00:40"]
[BlackClock "0:01:31"]

1. e4 b6 2. d4 Bb7 3. Bd3 e6 4. Nf3 Nf6 5. Qe2 d5 6. e5 Nfd7 7. O-O c5 8. c3 Nc6 9. a3 Qc7 10. Re1 O-O-O 11. b4 c4 12. Bc2 h6 13. a4 Re8 14. Nbd2 f5 15. h4 Be7 16. h5 g6 17. hxg6 Rhg8 18. g3 Rxg6 19. Kg2 Reg8 20. Rh1 Rg4 21. Nf1 Bxb4 22. Bd2 Bf8 23. Bxh6 Bxh6 24. Rxh6 f4 25. Rxe6 fxg3 26. fxg3 Kb8 27. Rh6 Bc8 28. Bf5 Ndxe5 29. Nxe5 Nxe5 30. Bxc8 Nd3 31. Bxg4 Qg7 32. Rh4 Qg5 33. Qf3 Re8 34. Rd1 Ne1+ 35. Rxe1 Rxe1 36. Qf4+ Qxf4 37. gxf4 Rc1 38. Rh3 Kc7 39. Be2 Kd6 40. Kf2 Ra1 41. Re3 Rxa4 42. f5 Ra6 43. Re6+ Kd7 44. Ne3 Ra3 45. Nxd5 Rb3 46. Re5 a5 47. f6 a4 48. f7 a3 49. f8=R a2 50. Ra8 Rb2 51. Nxb6+ Rxb6 52. Rxa2 Kc6 53. Bxc4 Kb7 54. Ke3 Rf6 55. Bd5+ Kb6 56. Be4 Kc7 57. Ra7+ Kb6 58. Raa5 Rf1 59. Kd3 Rd1+ 60. Kc4 Rc1 61. Reb5+ Kc7 62. Bd3 Kd6 63. Ra4 Kc7 64. Rab4 Kd6 65. Rb1 Rxb1 66. Rxb1 Kc6 67. Be4+ Kc7 68. Kc5 Kd7 69. Kd5 Kc7 70. c4 Kd7 71. c5 Kc7 72. Bd3 Kd7 73. Bc4 Kc7 74. Rb6 Kd7 75. Ke4 Kc7 76. Kd3 Kd7 77. Kc3 Kc7 78. Kb4 Kd7 79. d5 Kc7 80. Kb3 Kd7 81. Kc3 Kc7 82. Kc2 Kd7 83. Kd3 Kc7 84. Kd4 Kd7 85. Ke4 Kc7 86. Ke5 Kd7 87. Rh6 Kc7 88. Rh7+ Kd8 89. Kd6 Kc8 90. Bd3 Kb8 91. Rc7 Ka8 92. Be4 Kb8 93. Bf5 Ka8 94. Kd7 Kb8 95. Kd8 Ka8 96. Rd7 Kb8 97. c6 Ka8 98. Kc7 Ka7 99. Rd8 Ka6 100. Rb8 Ka7 101. d6 Ka6 102. Rb7 Ka5 103. Rb6 Ka4 104. Bc8 Ka5 105. Ba6 Ka4 106. Rb5 Ka3 107. Kb6 Ka4 108. Kc5 Ka3 109. Rb4 Ka2 110. Bb5 Ka3 111. Ba4 Ka2 112. Rb3 Ka1 113. Kc4 Ka2 114. Kd5 Ka1 115. Kd4 Ka2 116. Ke5 Ka1 117. Ke4 Ka2 118. Kf5 Ka1 119. Kf4 Ka2 120. Kg5 Ka1 121. Kg4 Ka2 122. Kh5 Ka1 123. d7 Ka2 124. Kh6 Ka1 125. Kh7 Ka2 126. Kh8 Ka1 127. Kg7 Ka2 128. Kg8 Ka1 129. Kf7 Ka2 130. Kf8 Ka1 131. Ke7 Ka2 132. Ke8 Ka1 133. Kd8 Ka2 134. Kc8 Ka1 135. Kc7 Ka2 136. Kb8 Ka1 137. Kb7 Ka2 138. Ka7 Ka1 139. Kb6 Ka2 140. Ka5 Ka1 141. Kb5 Ka2 142. Kb4 Ka1 143. Kc5 Ka2 144. Kc4 Ka1 145. Kd5 Ka2 146. Kd4 Ka1 147. Ke5 Ka2 148. Ke4 Ka1 149. Kf5 Ka2 150. c7 Ka1 151. Kf4 Ka2 152. Kg5 Ka1 153. Kg4 Ka2 154. Kh5 Ka1 155. Kh4 Ka2 156. Kh3 Ka1 157. Kh2 Ka2 158. Kg3 Ka1 159. Kg2 Ka2 160. Kf3 Ka1 161. Kf2 Ka2 162. Ke3 Ka1 163. Ke2 Ka2 164. Kd3 Ka1 165. Kd4 Ka2 166. Kc4 Ka1 167. Kc5 Ka2 168. Kd5 Ka1 169. Kd6 Ka2 170. Kc6 Ka1 171. Kb7 Ka2 172. Kb8 Ka1 173. Kc8 Ka2 174. Kd8 Ka1 175. Ke8 Ka2 176. d8=N Ka1 177. Nc6 Ka2 178. c8=Q Ka1 1-0

[Event "December 5 Early 2023"]
[Site "https://www.chess.com"]
[Date "2023.12.05"]
[Round "7"]
[White "Tikhonov, Viacheslav"]
[Black "GMVignirVatnar"]
[Result "1-0"]
[Board "85"]
[TimeControl "180+1"]
[WhiteFideId "44196407"]
[WhiteElo "2494"]
[BlackElo "2762"]
[WhiteTeam "RUS"]
[WhiteClock "0:00:08"]
[BlackClock "0:00:06"]

1. e4 c5 2. Nf3 Nc6 3. d4 cxd4 4. Nxd4 Nf6 5. Nc3 h5 6. Nxc6 bxc6 7. e5 Ng4 8. Qd4 Qa5 9. Bf4 Rb8 10. O-O-O Rb4 11. Bc4 Qb6 12. b3 Nxf2 13. Be3 Qxd4 14. Bxd4 Nxd1 15. Rxd1 a6 16. Rf1 f6 17. a3 Rb8 18. Bd3 fxe5 19. Bxe5 Kd8 20. Bxb8 d6 21. Ba7 c5 22. b4 cxb4 23. axb4 Bb7 24. g3 g5 25. Be4 Bxe4 26. Nxe4 g4 27. c3 Bh6+ 28. Kc2 Kd7 29. Kd3 Rc8 30. Be3 Bxe3 31. Kxe3 d5 32. Nc5+ Kd6 33. Ra1 Ke5 34. Rxa6 Rf8 35. Re6+ Kf5 36. Rxe7 Ra8 37. Kd4 Ra1 38. Re5+ Kg6 39. Rxd5 Rh1 40. b5 Rxh2 41. Kc4 h4 42. gxh4 Rxh4 43. Rd4 Kf5 44. b6 Rh6 45. b7 Rb6 46. Rd8 g3 47. b8=Q g2 48. Rf8+ Kg6 49. Rg8+ Kh7 50. Qxb6 Kxg8 51. Qg6+ Kh8 52. Qxg2 Kh7 53. Qg5 Kh8 54. Kd5 Kh7 55. Ke6 Kh8 56. Kf7 Kh7 57. Qh5# 1-0

[Event "December 5 Early 2023"]
[Site "https://www.chess.com"]
[Date "2023.12.05"]
[Round "7"]
[White "Herman, Matthew"]
[Black "Halkias, Stelios"]
[Result "0-1"]
[Board "86"]
[TimeControl "180+1"]
[WhiteFideId "2028964"]
[BlackFideId "4201809"]
[WhiteElo "2492"]
[BlackElo "2757"]
[WhiteTeam "USA"]
[BlackTeam "GRE"]
[WhiteClock "0:00:06"]
[BlackClock "0:00:18"]

1. e4 c5 2. Nf3 Nc6 3. Bb5 e6 4. c3 Nge7 5. O-O a6 6. Ba4 b5 7. Bc2 d5 8. e5 c4 9. d4 cxd3 10. Bxd3 Ng6 11. Re1 Bc5 12. b4 Bb6 13. a4 bxa4 14. Rxa4 O-O 15. b5 Nce7 16. h4 Nf5 17. h5 Nge7 18. h6 f6 19. hxg7 Rf7 20. exf6 Rxf6 21. Bg5 Rf7 22. Ne5 Rxg7 23. Qh5 Qf8 24. Rg4 Ng6 25. Nxg6 Rxg6 26. Nd2 Ng3 27. Rxg3 Bxf2+ 28. Kh2 Bxg3+ 29. Kxg3 Qd6+ 30. Kh4 Qh2+ 31. Kg4 e5+ 0-1

[Event "December 5 Early 2023"]
[Site "https://www.chess.com"]
[Date "2023.12.05"]
[Round "7"]
[White "Shishkov, Andrei"]
[Black "Matinian, Nikita"]
[Result "0-1"]
[Board "87"]
[TimeControl "180+1"]
[WhiteFideId "4500563"]
[BlackFideId "24129100"]
[WhiteElo "2491"]
[BlackElo "2706"]
[WhiteTeam "EST"]
[BlackTeam "FID"]
[WhiteClock "0:00:18"]
[BlackClock "0:01:04"]

1. d4 Nf6 2. c4 g6 3. f3 Bg7 4. e4 O-O 5. Be3 d6 6. Nc3 Nc6 7. Qd2 Re8 8. O-O-O a6 9. h4 h5 10. Nh3 Bxh3 11. Rxh3 e5 12. d5 Nd4 13. Bxd4 exd4 14. Ne2 c5 15. dxc6 bxc6 16. Nxd4 Qb6 17. g3 a5 18. Rh2 a4 19. Qc2 Nxe4 20. fxe4 Bxd4 21. Kb1 Be5 22. c5 Qxc5 23. Qxc5 dxc5 24. Bc4 Bxg3 25. Rh3 Be5 26. Rd7 Red8 27. Rxf7 Rd1+ 28. Kc2 Rd4 29. b3 axb3+ 30. axb3 Ra2+ 31. Kb1 Rd1+ 32. Kxa2 Ra1# 0-1

[Event "December 5 Early 2023"]
[Site "https://www.chess.com"]
[Date "2023.12.05"]
[Round "7"]
[White "Aradhya, Garg"]
[Black "Mazurkiewicz, Michal"]
[Result "1-0"]
[Board "88"]
[TimeControl "180+1"]
[WhiteFideId "25006746"]
[BlackFideId "1124943"]
[WhiteElo "2698"]
[BlackElo "2491"]
[WhiteTeam "IND"]
[BlackTeam "POL"]
[WhiteClock "0:00:49"]
[BlackClock "0:00:00"]

1. d4 Nf6 2. c4 e5 3. dxe5 Ng4 4. Bf4 Nc6 5. Nf3 Bb4+ 6. Nbd2 Qe7 7. e3 Ngxe5 8. Nxe5 Nxe5 9. Be2 O-O 10. O-O a5 11. Nb3 a4 12. a3 Ba5 13. Nxa5 Rxa5 14. Qd4 d6 15. Rfc1 b6 16. Bg3 g5 17. c5 Rxc5 18. Rxc5 bxc5 19. Qxa4 f5 20. f4 Bd7 21. Qb3+ Be6 22. Qc3 Ng6 23. fxg5 Qxg5 24. b4 f4 25. exf4 Nxf4 26. Bf3 cxb4 27. Qxc7 h5 28. Qxd6 Bc8 29. axb4 h4 30. Bxf4 1-0

[Event "December 5 Early 2023"]
[Site "https://www.chess.com"]
[Date "2023.12.05"]
[Round "7"]
[White "Grochal, Joey"]
[Black "Pakleza, Zbigniew"]
[Result "1-0"]
[Board "89"]
[TimeControl "180+1"]
[WhiteFideId "1019945"]
[BlackFideId "1119290"]
[WhiteElo "2486"]
[BlackElo "2693"]
[WhiteTeam "NED"]
[BlackTeam "POL"]
[WhiteClock "0:00:30"]
[BlackClock "0:00:02"]

1. e4 a6 2. d4 d6 3. Nf3 b6 4. Bd3 c6 5. Bg5 h6 6. Bh4 g5 7. Bg3 Bg7 8. c3 Nd7 9. h4 g4 10. Nh2 h5 11. f4 c5 12. d5 f5 13. Nd2 Ndf6 14. c4 fxe4 15. Nxe4 Nh6 16. Qc2 Kd7 17. Ng5 Kc7 18. f5 Qe8 19. O-O Nf7 20. b4 cxb4 21. c5 Kb7 22. cxb6 Kxb6 23. Rac1 Nxd5 24. Ne6 Bxe6 25. fxe6 Ne5 26. Bf2+ Ka5 27. a3 Nxd3 28. Qxd3 Nc3 1-0

[Event "December 5 Early 2023"]
[Site "https://www.chess.com"]
[Date "2023.12.05"]
[Round "7"]
[White "Paltrinieri, Nicholas"]
[Black "Buksa, Nataliya"]
[Result "0-1"]
[Board "90"]
[TimeControl "180+1"]
[WhiteFideId "828262"]
[BlackFideId "14123622"]
[WhiteElo "2683"]
[BlackElo "2482"]
[WhiteTeam "ITA"]
[BlackTeam "UKR"]
[WhiteClock "0:00:14"]
[BlackClock "0:00:23"]

1. d4 d5 2. Bf4 Nf6 3. e3 e6 4. c3 c5 5. Nd2 Nc6 6. Ngf3 cxd4 7. exd4 Nh5 8. Bg5 f6 9. Be3 g6 10. g3 Bd6 11. Bg2 O-O 12. O-O Ng7 13. Re1 Bd7 14. c4 Re8 15. Rc1 Qa5 16. a3 Rac8 17. Nb3 Qd8 18. Nfd2 Ne7 19. Qf3 Ngf5 20. Bf4 Bxf4 21. Qxf4 g5 22. Qf3 dxc4 23. Nxc4 Bc6 24. Qg4 Bxg2 25. Kxg2 Qd5+ 26. Qf3 Rxc4 27. Qxd5 exd5 28. Rxc4 dxc4 29. Nd2 b5 30. Ne4 Nd5 31. f3 Kf8 32. Kf2 h5 33. h3 a5 34. g4 hxg4 35. hxg4 Nh4 36. Rc1 Re6 37. a4 Nf4 38. Rc2 Nd3+ 39. Ke2 Nxf3 40. Ke3 Nfe1 41. Rh2 b4 42. d5 Re5 43. Rh8+ Kg7 44. Rd8 Nc5 45. Kd4 Nxe4 46. Rd7+ Kg6 47. d6 Nf3+ 48. Kxc4 Nxd6+ 49. Rxd6 Re4+ 50. Kb5 Re5+ 51. Kc4 Nh2 52. Rd4 f5 53. gxf5+ Kxf5 54. Rd8 g4 55. Rf8+ Ke4 56. Rh8 Nf3 57. Rg8 Rg5 58. Re8+ Kf4 59. Kb3 g3 60. Rf8+ Ke3 0-1

[Event "December 5 Early 2023"]
[Site "https://www.chess.com"]
[Date "2023.12.05"]
[Round "7"]
[White "Lehtosaari, Mauri"]
[Black "Papasimakopoulos, Alexandros"]
[Result "1/2-1/2"]
[Board "91"]
[TimeControl "180+1"]
[WhiteFideId "501999"]
[BlackFideId "4244125"]
[WhiteElo "2482"]
[BlackElo "2649"]
[WhiteTeam "FIN"]
[BlackTeam "GRE"]
[WhiteClock "0:00:14"]
[BlackClock "0:00:11"]

1. d4 e6 2. Nf3 Nf6 3. Bg5 c5 4. e3 Qb6 5. Nbd2 d5 6. Rb1 Bd7 7. c3 cxd4 8. exd4 Be7 9. Be2 Bb5 10. O-O Bxe2 11. Qxe2 Nc6 12. Ne5 h6 13. Bh4 Qd8 14. Nxc6 bxc6 15. Rfe1 O-O 16. Nf3 Nd7 17. Bxe7 Qxe7 18. Ne5 Nxe5 19. Qxe5 c5 20. Qxd5 cxd4 21. Qxd4 Rfd8 22. Qe3 a5 23. h3 a4 24. c4 Qb4 25. b3 axb3 26. axb3 Ra2 27. Red1 Rb8 28. c5 Rc2 29. Rdc1 Rxc1+ 30. Qxc1 Rc8 31. c6 Qb6 32. b4 Rxc6 33. Qb2 Qb5 34. Qd4 Rc8 35. Qd2 Rb8 36. Qc3 f6 37. Qe1 e5 38. Qc3 Qd5 39. Qb2 Rb5 40. Qc3 Kh7 41. Qc2+ e4 42. Qc3 f5 43. Qb2 Qc4 44. g3 Qd3 45. Qc1 Qd4 46. Qb2 Qb6 47. h4 e3 48. fxe3 Qxe3+ 49. Qf2 Qe4 50. Rb2 Kg6 51. Qd2 Kh5 52. Qd1+ Qg4 53. Qxg4+ Kxg4 54. Kf2 g5 55. hxg5 hxg5 56. Kg2 f4 57. gxf4 Kxf4 58. Kf2 Ke4 59. Kg3 Kd4 60. Kg4 Kc3 61. Rf2 Rxb4+ 62. Kxg5 Rb8 63. Kg4 Kd3 64. Rf5 Ke3 65. Re5+ Kd4 66. Rf5 Ke4 67. Rf4+ Ke3 68. Rf3+ Ke4 69. Rf4+ Ke5 70. Rf5+ Ke6 71. Rf4 Rb3 72. Re4+ Kf6 73. Kf4 Rb5 74. Rd4 Rf5+ 75. Ke4 Rh5 76. Kd3 Ke5 77. Kc4 Rf5 78. Rd5+ Ke4 79. Rxf5 Kxf5 1/2-1/2

[Event "December 5 Early 2023"]
[Site "https://www.chess.com"]
[Date "2023.12.05"]
[Round "7"]
[White "Tabuenca Mendataurigoitia, Daniel"]
[Black "Timerkhanov, Alexander"]
[Result "1/2-1/2"]
[Board "92"]
[TimeControl "180+1"]
[WhiteFideId "24563617"]
[BlackFideId "24177938"]
[WhiteElo "2481"]
[BlackElo "2649"]
[WhiteTeam "ESP"]
[BlackTeam "RUS"]
[WhiteClock "0:00:02"]
[BlackClock "0:00:03"]

1. Nf3 d5 2. g3 Nf6 3. Bg2 g6 4. O-O Bg7 5. d3 O-O 6. Nbd2 c5 7. e4 Nc6 8. c3 b6 9. Qc2 e5 10. a4 Bb7 11. exd5 Nxd5 12. Nc4 Re8 13. Re1 Qc7 14. Bd2 Rad8 15. Rad1 h6 16. Bc1 Kh7 17. h3 f5 18. Kh2 a6 19. Ne3 Nxe3 20. Bxe3 Ne7 21. Qe2 Nd5 22. Bc1 Bc6 23. Qc2 Qd7 24. b3 Qc7 25. Bb2 Qb7 26. Nh4 Bf6 27. Nf3 Nxc3 28. Nxe5 Bxe5 29. Bxc6 Qxc6 30. Bxc3 Bxc3 31. Qxc3 Qf3 32. Qd2 Qd5 33. Rxe8 Rxe8 34. Re1 Rxe1 35. Qxe1 Qxb3 36. Qe7+ Kg8 37. Qe8+ Kg7 38. Qe5+ Kf7 39. Qc7+ Kf6 40. Qd8+ Ke5 41. Qh8+ Kd6 42. Qxh6 Qe6 43. Qf4+ Kc6 44. Qb8 Qd7 45. Qa8+ Qb7 46. Qe8+ Kc7 47. Qxg6 b5 48. axb5 axb5 49. Qxf5 Kb6 50. Qe6+ Ka7 51. Qa2+ Kb6 52. Qe6+ Ka7 53. Qa2+ Kb8 54. Qg8+ Kc7 55. Qf7+ Kb6 56. Qe6+ 1/2-1/2